Map: Galactic Process LE

Players

Nerchio - Winner!

  • Race: Zerg Zerg

Semper

  • Race: Terran Terran

Event: 2016 WCS Summer Circuit Championship (DH Montreal)

VOD

Have the link to the VOD?

Description

Time

  • Played on: Aug. 12, 2016, 6:29 p.m.
  • Length: 14:12

All games in this series

Show
View Real Time Build Order
Export as new Build Order

Nerchio Zerg - Winner!

Build Orders: Hatch First 

Get SALT Encoding   

  12  0:00  Drone  
  13  0:13  Overlord  
  13  0:17  Drone  
  14  0:31  Drone x2  
  14  0:35  Drone  
  17  0:51  Hatchery  
  17  0:55  Drone  
  17  0:58  Drone  
  17  1:03  Extractor  
  17  1:14  Spawning Pool  
  17  1:16  Drone  
  17  1:21  Drone  
  18  1:28  Drone  
  19  1:39  Overlord  
  19  1:50  Drone  
  20  2:01  Queen  
  20  2:02  Zergling x2  
  20  2:03  Queen  
  20  2:04  Metabolic Boost  
  20  2:08  Zergling x2  
  26  2:11  Drone  
  26  2:14  Drone  
  28  2:33  Drone x2  
  28  2:35  Roach Warren, Zergling x2  
  29  2:38  Zergling x2  
  29  2:43  Queen  
  32  2:49  Zergling x4  
  33  2:54  Overlord  
  33  3:07  Overlord  
  33  3:15  Roach x4  
  41  3:24  Roach  
  43  3:30  Roach  
  46  3:34  Drone x4  
  46  3:38  Drone  
  51  3:48  Drone x2  
  51  3:52  Overlord  
  51  3:53  Overlord  
  52  4:09  Hatchery  
  51  4:10  Drone  
  51  4:11  Drone  
  51  4:12  Drone  
  51  4:15  Drone  
  51  4:16  Drone  
  56  4:21  Drone x2  
  59  4:24  Drone  
  59  4:25  Drone  
  59  4:26  Drone  
  59  4:29  Extractor  
  59  4:36  Evolution Chamber, Lair  
  59  4:38  Drone  
  59  4:40  Drone  
  59  4:43  Drone x2  
  61  4:51  Drone x3  
  64  4:54  Drone  
  64  4:56  Drone x2  
  64  4:57  Drone  
  68  5:01  Overlord  
  68  5:07  Overlord  
  68  5:10  Overlord  
  68  5:13  Zerg Ground Armor Level 1  
  68  5:17  Evolution Chamber, Overlord  
  67  5:24  Drone x4  
  67  5:26  Drone  
  67  5:27  Drone  
  73  5:30  Queen  
  75  5:37  Glial Reconstitution  
  75  5:39  Roach x2  
  75  5:40  Roach  
  81  5:46  Overlord  
  81  5:48  Drone  
  81  5:49  Drone x4  
  86  5:51  Extractor x2  
  86  5:52  Zerg Melee Weapons Level 1  
  86  5:54  Roach  
  86  6:01  Roach  
  86  6:02  Roach  
  90  6:06  Roach  
  90  6:08  Overlord  
  90  6:09  Overlord  
  92  6:12  Queen x2  
  92  6:14  Drone x3  
  92  6:17  Drone x2  
  92  6:18  Drone  
  102  6:20  Drone  
  102  6:23  Infestation Pit  
  102  6:26  Drone x3  
  105  6:38  Zergling x10  
  105  6:39  Zergling x2  
  109  6:47  Zergling x2  
  109  6:48  Zergling x8  
  109  6:50  Extractor  
  113  6:56  Extractor  
  113  6:59  Drone x3  
  107  7:02  Roach  
  103  7:13  Roach x7  
  111  7:17  Drone  
  111  7:18  Zerg Ground Armor Level 2  
  111  7:19  Hive  
  109  7:25  Roach x2  
  109  7:26  Overlord  
  109  7:29  Overlord  
  113  7:30  Overlord  
  113  7:34  Overlord  
  113  7:36  Overlord  
  113  7:43  Overlord  
  113  7:48  Zergling x18  
  122  7:55  Hatchery, Zerg Melee Weapons Level 2  
  122  7:56  Zergling x2  
  122  8:10  Zergling x10  
  122  8:11  Zergling x10  
  122  8:12  Overlord  
  132  8:15  Overlord  
  132  8:19  Overlord  
  130  8:20  Infestor x2  
  129  8:27  Drone  
  129  8:31  Adrenal Glands  
  129  8:32  Drone  
  129  8:33  Drone x3  
  131  8:35  Drone x2, Ultralisk Cavern  
  131  8:36  Drone  
  131  8:39  Queen  
  131  8:41  Drone x4  
  138  8:43  Ravager x3  
  138  8:44  Queen  
  138  8:45  Drone  
  145  8:49  Extractor  
  145  8:54  Zergling x4  
  145  8:55  Ultralisk Cavern  
  146  8:56  Zergling x2  
  146  8:57  Zergling x2  
  146  8:59  Spore Crawler  
  146  9:00  Zergling x6  
  146  9:01  Zergling x2  
  146  9:02  Spore Crawler  
  150  9:03  Spore Crawler  
  147  9:12  Overlord  
  147  9:15  Roach x6  
  156  9:22  Overlord  
  153  9:27  Ravager x2  
  153  9:28  Ravager x9  
  153  9:30  Zergling x14  
  169  9:32  Zergling x2  
  169  9:33  Pneumatized Carapace  
  170  9:40  Drone x2  
  172  9:46  Chitinous Plating  
  172  9:55  Ultralisk  
  176  10:06  Ultralisk  
  180  10:10  Zergling x12  
  180  10:11  Zergling x14  
  193  10:17  Zerg Melee Weapons Level 3  
  192  10:38  Ultralisk  
  193  10:51  Ultralisk  
  193  10:56  Zerg Ground Armor Level 3  
  199  11:20  Extractor  
  199  11:24  Hatchery  
  197  11:26  Spore Crawler  
  183  12:18  Spire  
  182  12:28  Baneling Nest  
  181  12:34  Infestor x2  
  158  12:50  Ultralisk x3  
  142  12:52  Ultralisk x2  
  142  12:53  Zergling x32  
  142  12:55  Zergling x2  
  142  12:56  Zergling x14  
  176  12:58  Ultralisk  
  176  13:03  Ultralisk x2  
  176  13:04  Zergling x2  
  176  13:05  Zergling x10  
  193  13:09  Queen  
  193  13:11  Queen  
  198  13:16  Overlord x2  
  198  13:22  Overlord  
Show
View Real Time Build Order
Export as new Build Order

Semper Terran 

Build Orders: MMM Bio 

Get SALT Encoding   

  12  0:01  SCV  
  13  0:13  SCV  
  14  0:17  Supply Depot  
  14  0:25  SCV  
  15  0:28  Refinery  
  15  0:38  SCV  
  16  0:45  Barracks  
  16  0:51  SCV  
  17  1:02  Barracks  
  17  1:07  SCV  
  18  1:19  SCV  
  19  1:32  Reaper  
  20  1:33  Barracks  
  20  1:40  Orbital Command  
  20  1:48  Supply Depot  
  20  1:51  Reaper  
  21  1:58  Refinery  
  21  2:04  Reaper  
  21  2:06  SCV  
  23  2:18  SCV  
  24  2:23  Reaper x2  
  24  2:27  Supply Depot  
  26  2:30  SCV  
  27  2:38  Reaper  
  27  2:42  SCV  
  29  2:54  SCV  
  29  2:55  Reaper  
  31  3:01  Reaper  
  31  3:03  Supply Depot  
  32  3:06  SCV  
  33  3:18  SCV  
  33  3:19  Reaper  
  35  3:21  Command Center  
  35  3:29  Reaper  
  35  3:30  SCV  
  37  3:42  SCV  
  37  3:44  Reaper  
  39  3:55  SCV  
  40  3:56  Supply Depot  
  40  4:05  Barracks Tech Lab  
  40  4:07  SCV  
  41  4:15  Engineering Bay, Factory  
  41  4:18  Barracks Reactor x2  
  41  4:19  SCV  
  41  4:27  Marine  
  41  4:28  Stimpack  
  41  4:31  SCV  
  42  4:35  Orbital Command  
  42  4:43  SCV  
  42  4:44  Terran Infantry Weapons Level 1  
  42  4:45  Marine  
  44  4:47  Refinery  
  44  4:52  Bunker, Supply Depot  
  44  4:55  Marine, SCV  
  46  5:04  Marine x2  
  46  5:06  SCV  
  49  5:07  SCV  
  49  5:09  Marine  
  49  5:12  Starport  
  51  5:15  Factory Reactor  
  51  5:18  SCV  
  51  5:19  SCV  
  53  5:23  Marine x2  
  53  5:24  Marine  
  55  5:30  Marine, SCV  
  55  5:31  Marine, SCV  
  59  5:42  SCV  
  59  5:43  SCV  
  59  5:46  Marine x2  
  59  5:49  Marauder  
  63  5:55  Supply Depot, SCV  
  63  5:56  SCV  
  63  5:57  Marine x2  
  65  6:02  Medivac x2  
  71  6:07  SCV  
  71  6:08  SCV  
  71  6:09  Marine x2  
  71  6:10  Factory Tech Lab, Supply Depot  
  75  6:17  Supply Depot  
  75  6:19  Marine, SCV  
  75  6:20  SCV  
  78  6:27  Command Center  
  78  6:29  Marine x4  
  78  6:31  SCV  
  78  6:32  Siege Tank, SCV  
  87  6:39  Refinery  
  87  6:43  SCV  
  88  6:49  Marine  
  88  6:50  Marine, Marauder  
  88  6:52  Terran Infantry Armor Level 1  
  88  6:53  Medivac x2  
  96  6:56  SCV x2  
  96  6:57  Supply Depot  
  96  7:14  Marine x2  
  96  7:15  Marine x3, Siege Tank  
  97  7:16  SCV x2  
  102  7:25  Medivac x2  
  102  7:27  Supply Depot  
  102  7:28  SCV  
  106  7:32  Marine x4  
  110  7:39  Marine  
  110  7:42  Barracks x2  
  110  7:43  Orbital Command  
  112  7:44  SCV  
  112  7:50  Marine x2  
  114  7:51  Siege Tank  
  114  7:56  Combat Shields  
  117  8:10  Marine  
  117  8:11  Marine x3, Marauder  
  117  8:12  Medivac x2  
  124  8:14  Orbital Command  
  115  8:28  Marine x3  
  115  8:29  Marine x2  
  115  8:32  SCV x2  
  115  8:33  Marauder  
  124  8:37  Supply Depot  
  124  8:40  SCV  
  124  8:41  Engineering Bay, Armory  
  124  8:44  SCV  
  125  8:54  Marine, Marauder  
  125  8:55  Barracks Tech Lab  
  128  8:58  Supply Depot, Refinery  
  128  8:59  Supply Depot, Refinery  
  128  9:04  Siege Tank  
  128  9:08  Medivac x2  
  134  9:18  Marine, Marauder  
  134  9:28  Barracks  
  134  9:29  Supply Depot, Barracks, Marine x2  
  134  9:30  Marine x2, Barracks  
  132  9:31  Barracks Tech Lab  
  132  9:35  Marine  
  132  9:36  Siege Tank  
  136  9:38  Medivac x2  
  136  9:40  Marauder  
  142  9:46  SCV x3  
  142  9:47  Marine x2  
  142  9:48  Supply Depot, Marauder  
  149  9:58  Command Center, SCV  
  150  10:01  Marauder  
  145  10:12  Marine  
  145  10:13  Marauder  
  148  10:16  Terran Infantry Weapons Level 2, Terran Infantry Armor Level 2  
  148  10:17  Terran Ship Weapons Level 1  
  148  10:18  Supply Depot  
  148  10:19  Supply Depot  
  148  10:20  Marine  
  149  10:22  Starport  
  149  10:23  Starport  
  149  10:25  Marine  
  149  10:26  Barracks Tech Lab x2, Marauder  
  149  10:27  Barracks Tech Lab, Marine  
  155  10:28  Marauder  
  155  10:33  Marine  
  155  10:34  Marauder  
  156  10:39  Marine  
  151  10:55  Marine, Marauder  
  151  10:56  Marine x5, Marauder x3  
  167  11:00  Liberator x2, Starport Reactor  
  167  11:01  Starport Tech Lab, Supply Depot  
  167  11:03  Liberator  
  167  11:04  Factory Reactor  
  164  11:13  Marine x5  
  178  11:36  Fusion Core  
  178  11:38  Orbital Command  
  178  11:40  Marine x2  
  178  11:42  Marine, Marauder  
  178  11:43  Liberator  
  178  11:45  Liberator  
  178  11:46  Liberator  
  181  11:47  Marine  
  158  11:56  Marine  
  158  11:57  Marauder  
  157  12:03  SCV x3  
  164  12:08  Liberator  
  164  12:14  Marine, Marauder  
  166  12:15  SCV x2  
  166  12:16  SCV  
  166  12:18  Marine, Marauder  
  171  12:24  Liberator  
  171  12:26  Advanced Ballistics  
  171  12:27  SCV  
  171  12:28  SCV  
  171  12:29  Liberator  
  171  12:41  Liberator  
  138  12:50  Marine  
  117  12:52  SCV x2  
  117  12:55  Marine x5  
  117  12:56  Marauder  
  117  12:57  Marine  
  117  12:58  Marine, Marauder  
  130  13:06  SCV  
  130  13:07  SCV  
  130  13:08  Marine  
  130  13:09  Planetary Fortress  
  133  13:13  Marine x3  
  136  13:20  Sensor Tower  
  136  13:22  Refinery  
  136  13:23  Marine  
  136  13:24  Marauder  
  136  13:26  SCV  
  139  13:28  Refinery  
  129  13:35  SCV  
  129  13:36  SCV  
  129  13:39  SCV  
  126  13:45  Marine x2  
  126  13:47  SCV  
  120  13:53  Marine  
  120  13:54  SCV  
  120  13:55  SCV x2  
  113  13:58  Refinery  
Tags
 
Add a new tag
Caveats
  • Supply blocks, unpowered buildings, or Contaminate may cause inaccurate times.
  • Supply counts are checked every 10 seconds.